Map: Site Delta LE

Players

Harstem

  • Race: Protoss Protoss
  • Spawn Location: 5:00

Lambo - Winner!

  • Race: Zerg Zerg
  • Spawn Location: 11:00

Event: ESL Spring 2024 Finals

VOD

Have the link to the VOD?

Description

Time

  • Played on: May 31, 2024, 5:43 p.m.
  • Length: 11:58

All games in this series

Show
View Real Time Build Order
Export as new Build Order

Harstem Protoss 

Build Orders: 1 Gate Expand, Oracle Opening, Archon Immortal 

Get SALT Encoding   

  12  0:00  Probe  
  13  0:12  Probe  
  14  0:17  Pylon  
  14  0:24  Probe (Chrono Boost)  
  15  0:37  Probe (Chrono Boost)  
  15  0:38  Gateway  
  16  0:45  Probe (Chrono Boost)  
  16  0:48  Assimilator  
  17  0:51  Probe  
  18  1:03  Probe  
  19  1:15  Probe  
  20  1:24  Nexus  
  20  1:34  Cybernetics Core  
  20  1:39  Probe  
  21  1:43  Assimilator  
  21  1:51  Probe  
  21  1:52  Pylon  
  22  2:03  Probe  
  22  2:08  Adept (Chrono Boost)  
  25  2:15  Probe  
  25  2:22  Stargate  
  25  2:28  Adept (Chrono Boost), Probe  
  26  2:35  Warp Gate  
  26  2:36  Probe  
  29  2:40  Probe  
  30  2:48  Probe  
  30  2:50  Adept  
  33  2:52  Probe  
  34  3:00  Probe  
  34  3:04  Probe  
  36  3:06  Oracle (Chrono Boost)  
  36  3:08  Pylon  
  36  3:12  Probe  
  40  3:17  Probe  
  41  3:24  Probe  
  42  3:31  Nexus  
  42  3:33  Probe  
  43  3:36  Probe  
  43  3:38  Oracle (Chrono Boost)  
  47  3:45  Probe (Chrono Boost)  
  48  3:48  Pylon  
  48  3:51  Probe (Chrono Boost)  
  49  3:57  Probe (Chrono Boost)  
  49  4:01  Gateway  
  51  4:05  Probe x2 (Chrono Boost)  
  52  4:10  Assimilator  
  52  4:13  Probe  
  52  4:14  Assimilator  
  52  4:16  Probe (Chrono Boost)  
  54  4:18  Pylon  
  54  4:23  Stalker  
  56  4:25  Probe (Chrono Boost)  
  56  4:27  Pylon  
  58  4:33  Probe (Chrono Boost)  
  58  4:34  Probe (Chrono Boost)  
  55  4:40  Probe (Chrono Boost)  
  55  4:43  Probe x2 (Chrono Boost)  
  58  4:45  Robotics Facility  
  58  4:49  Adept  
  58  4:51  Forge, Probe (Chrono Boost)  
  58  4:52  Probe (Chrono Boost)  
  61  4:54  Twilight Council, Probe (Chrono Boost)  
  61  4:56  Probe (Chrono Boost)  
  61  4:57  Probe (Chrono Boost)  
  62  5:03  Probe  
  62  5:06  Probe  
  63  5:08  Adept  
  63  5:09  Adept, Probe  
  68  5:15  Probe, Pylon  
  68  5:20  Probe  
  69  5:22  Probe  
  69  5:23  Protoss Ground Weapons Level 1 (Chrono Boost)  
  69  5:27  Probe  
  71  5:32  Probe, Immortal (Chrono Boost)  
  71  5:34  Probe  
  76  5:37  Sentry  
  76  5:39  Shield Battery, Probe  
  76  5:40  Zealot  
  81  5:44  Probe  
  81  5:46  Assimilator  
  81  5:47  Probe  
  83  5:50  Assimilator  
  83  5:52  Probe  
  83  5:53  Charge, Pylon  
  83  5:56  Probe  
  85  6:00  Pylon  
  85  6:03  Gateway  
  85  6:04  Gateway, Phoenix  
  85  6:11  Immortal  
  89  6:12  Probe  
  89  6:13  Probe  
  91  6:18  Templar Archives  
  91  6:21  Probe  
  91  6:24  Zealot x2  
  96  6:27  Probe, Pylon  
  98  6:35  Gateway x2  
  98  6:37  Pylon  
  97  6:40  Gateway  
  97  6:43  Probe  
  97  6:46  Zealot x2  
  102  6:47  Probe  
  102  6:53  Psionic Storm  
  103  6:55  Immortal (Chrono Boost)  
  103  6:57  Probe  
  109  7:03  High Templar x2  
  109  7:06  Probe  
  109  7:07  Pylon  
  113  7:09  High Templar x2  
  113  7:12  Photon Cannon  
  117  7:23  Nexus  
  117  7:24  Protoss Ground Weapons Level 2, Pylon  
  117  7:27  Immortal (Chrono Boost)  
  117  7:28  Shield Battery  
  121  7:39  Shield Battery  
  121  7:41  Shield Battery  
  121  7:42  High Templar x2  
  121  7:43  Zealot x3  
  131  7:47  High Templar x2  
  135  7:51  Pylon  
  135  7:54  Shield Battery, Archon  
  135  7:56  Immortal  
  139  7:59  Pylon  
  139  8:04  Zealot x2  
  140  8:15  Shield Battery  
  140  8:18  Photon Cannon  
  136  8:21  Zealot x5  
  142  8:30  Zealot  
  117  8:42  Zealot  
  117  8:43  Zealot x4  
  117  8:46  Probe  
  106  8:58  Probe (Chrono Boost)  
  106  9:01  Zealot  
  94  9:04  Zealot x4  
  94  9:05  Zealot  
  94  9:08  Probe (Chrono Boost)  
  103  9:10  Probe (Chrono Boost)  
  103  9:14  Probe x2 (Chrono Boost)  
  94  9:17  Probe (Chrono Boost)  
  94  9:18  Probe (Chrono Boost)  
  94  9:21  Probe x2 (Chrono Boost)  
  94  9:22  Probe (Chrono Boost)  
  96  9:24  Probe  
  96  9:27  Pylon  
  96  9:29  Zealot x4, Archon  
  91  9:34  Probe  
  89  9:39  Probe  
  89  9:43  Probe  
  84  9:46  Zealot x2  
  84  9:51  Zealot x2  
  91  9:56  Phoenix (Chrono Boost)  
  91  10:00  High Templar x2  
  91  10:03  Probe (Chrono Boost)  
  91  10:04  Archon  
  91  10:05  Probe (Chrono Boost)  
  91  10:06  High Templar x2  
  101  10:11  Probe  
  102  10:16  High Templar  
  102  10:20  Cybernetics Core  
  104  10:23  Zealot  
  104  10:27  Phoenix (Chrono Boost)  
  106  10:31  Probe  
  106  10:32  Probe  
  108  10:38  Photon Cannon  
  108  10:39  High Templar x2  
  110  10:45  Archon  
  110  10:49  Phoenix (Chrono Boost)  
  103  10:53  Probe (Chrono Boost)  
  97  10:57  Stalker  
  97  10:58  Stalker x3  
  104  11:05  Phoenix (Chrono Boost)  
  104  11:06  Archon  
  104  11:08  Probe x2 (Chrono Boost)  
  104  11:10  Probe (Chrono Boost)  
  96  11:15  Shield Battery  
  96  11:16  Probe (Chrono Boost)  
  91  11:19  High Templar  
  91  11:25  Phoenix (Chrono Boost)  
  95  11:26  High Templar x2  
  95  11:29  Probe (Chrono Boost)  
  91  11:41  Probe  
  88  11:47  High Templar x2  
  88  11:53  Shield Battery  
Show
View Real Time Build Order
Export as new Build Order

Lambo Zerg - Winner!

Build Orders: Hatch First 

Get SALT Encoding   

  12  0:00  Drone  
  13  0:14  Overlord  
  13  0:16  Drone  
  14  0:32  Drone x2  
  16  0:48  Drone x2  
  18  0:57  Hatchery  
  18  0:58  Drone  
  18  1:02  Extractor  
  17  1:12  Spawning Pool  
  17  1:16  Drone  
  17  1:19  Drone  
  18  1:29  Drone  
  19  1:40  Drone  
  20  1:53  Overlord  
  20  1:59  Queen  
  22  2:04  Metabolic Boost  
  22  2:09  Queen  
  22  2:10  Drone, Zergling x2  
  22  2:13  Zergling x2  
  27  2:20  Drone  
  28  2:24  Drone  
  29  2:31  Drone  
  30  2:39  Hatchery  
  30  2:42  Zergling x2  
  30  2:45  Drone  
  30  2:46  Queen  
  33  2:53  Zergling x2  
  33  2:57  Overlord  
  34  2:59  Zergling x2  
  34  3:05  Drone  
  35  3:16  Drone x2  
  35  3:17  Drone x2, Queen  
  35  3:18  Overlord  
  41  3:26  Drone, Zergling x2  
  43  3:35  Queen  
  44  3:43  Zergling x6  
  44  3:48  Drone x3  
  49  3:50  Overlord  
  49  3:52  Drone x3  
  49  3:55  Drone x3  
  55  3:59  Queen  
  57  4:03  Spore Crawler  
  57  4:04  Drone  
  57  4:09  Drone x3  
  60  4:15  Drone x2  
  62  4:18  Spore Crawler, Drone  
  62  4:22  Drone  
  63  4:29  Drone x3  
  63  4:31  Drone  
  65  4:35  Drone x4  
  65  4:36  Drone  
  65  4:51  Hatchery  
  63  4:54  Overlord  
  63  4:55  Extractor  
  63  4:56  Lair  
  63  4:57  Overlord  
  63  4:59  Roach Warren, Overlord  
  60  5:08  Overlord  
  60  5:10  Evolution Chamber  
  60  5:13  Drone x7  
  66  5:16  Drone x4  
  66  5:18  Drone  
  66  5:19  Drone  
  66  5:20  Drone  
  71  5:22  Drone x2  
  71  5:26  Drone x3  
  76  5:29  Extractor  
  76  5:30  Drone  
  76  5:35  Drone  
  74  5:37  Drone  
  74  5:38  Zerg Missile Weapons Level 1  
  74  5:40  Zergling x2, Extractor  
  74  5:41  Zergling x6  
  78  5:46  Drone x2  
  78  5:47  Extractor  
  78  5:48  Zergling x4, Extractor  
  80  5:53  Drone x5  
  80  5:56  Glial Reconstitution  
  85  5:59  Drone x2  
  85  6:02  Spore Crawler  
  86  6:11  Overlord  
  86  6:14  Roach x5  
  96  6:23  Overlord x2  
  96  6:24  Overlord x3  
  95  6:26  Overlord  
  95  6:29  Overlord  
  97  6:35  Roach x3  
  97  6:39  Overlord  
  103  6:40  Overlord  
  103  6:46  Pneumatized Carapace  
  101  6:47  Roach x9  
  101  6:53  Spire  
  118  6:54  Roach  
  118  6:55  Roach  
  118  6:58  Roach x2  
  130  7:01  Roach x2  
  130  7:08  Roach x4  
  138  7:09  Overlord  
  138  7:11  Roach  
  140  7:19  Roach x5  
  150  7:24  Roach x3  
  150  7:29  Roach x3  
  162  7:33  Roach x2  
  162  7:35  Ravager x3  
  167  7:37  Queen  
  167  7:39  Zergling x4  
  167  7:40  Ravager  
  172  7:48  Zergling x10  
  172  7:49  Zergling x6, Ravager  
  181  7:52  Overlord  
  181  7:53  Ravager x2  
  183  7:58  Overlord  
  183  7:59  Overlord  
  182  8:07  Zergling x2  
  183  8:15  Ravager x4  
  179  8:20  Roach x5  
  179  8:22  Roach x2  
  188  8:29  Roach x4  
  188  8:33  Roach  
  188  8:34  Roach x2  
  189  8:36  Roach x2  
  176  8:41  Roach x3  
  176  8:45  Queen x2  
  176  8:46  Zergling x14  
  174  8:49  Roach  
  174  8:54  Roach x4  
  156  8:58  Roach x2  
  156  9:00  Roach  
  151  9:03  Roach x2  
  151  9:08  Zergling x2  
  151  9:09  Zergling x6  
  157  9:16  Mutalisk x3  
  149  9:18  Zergling x2  
  149  9:23  Extractor  
  155  9:26  Extractor  
  155  9:29  Mutalisk  
  155  9:30  Mutalisk  
  149  9:31  Drone x6  
  152  9:41  Zergling x12  
  152  9:45  Mutalisk x3  
  141  9:47  Drone  
  144  9:54  Mutalisk  
  144  9:57  Roach x4  
  145  10:00  Queen  
  145  10:02  Mutalisk  
  149  10:09  Zergling x8  
  149  10:11  Mutalisk  
  149  10:14  Zergling x4  
  157  10:17  Spore Crawler  
  157  10:18  Mutalisk x2  
  157  10:20  Zergling x2  
  161  10:24  Mutalisk  
  158  10:29  Mutalisk  
  158  10:33  Zergling x8  
  164  10:37  Mutalisk x2  
  162  10:44  Zergling x14  
  164  10:53  Mutalisk x3  
  164  10:55  Zergling x2  
  171  11:00  Mutalisk x2  
  171  11:03  Zergling x6  
  171  11:07  Roach x5  
  171  11:10  Roach x2  
  185  11:18  Zergling x6  
  188  11:20  Zergling x2  
  188  11:23  Zergling x6  
Tags
 
Add a new tag
Caveats
  • Supply blocks, unpowered buildings, or Contaminate may cause inaccurate times.
  • Supply counts are checked every 10 seconds.